Cogmind - Beta 15 @@@ ROGUE MODE // 2025.10.19 @ 18:43:51 Player: Kappa Result: Destroyed by S-27 Virus with Autogun Performance ------------- Evolutions (1) 500 Regions Visited (5) 1000 Robots Destroyed (20) 100 Value Destroyed (354) 354 Prototype IDs (4) 80 Alien Tech Used (0) 0 Bonus (680) 680 TOTAL SCORE: 2714 Bonus ------- Follower Combat Kills 80 Met Imprinter 300 Was Imprinted 300 Cogmind --------- Core Integrity 0/400 Matter 288/300 Energy 100/100 System Corruption 1% Temperature Cool (0) Movement Core (400) Ox7 Location -6/Proximity Caves Parts ------- > --- POWER (1) -------- (None) > --- PROPULSION (2) --- (None) > --- UTILITY (4) ------ Large Storage Unit > --- WEAPON (2) ------- Plasma Rifle > --- INVENTORY (15) --- Light Ion Engine Improved Terrain Scanner 0b10 Decoder Chip [Generic] 0b10 Decoder Chip [Looter] 0b10 Decoder Chip [Scout] 0b10 Decoder Chip [Skirmisher] Storm Laser Self-destruct Interrupter (50) Peak State ------------ > --- POWER ------------ Light Ion Engine > --- PROPULSION ------- Improved Treads Improved Treads > --- UTILITY ---------- Large Storage Unit Light Armor Plating Light Armor Plating Mobile Refinery Mk. CCLXVII > --- WEAPON ----------- High-powered Shotgun Improved Light Cannon > --- INVENTORY -------- Light Ion Engine Light Treads Light Treads Improved Treads Improved Treads Improved Terrain Scanner 0b10 Decoder Chip [Generic] 0b10 Decoder Chip [Looter] 0b10 Decoder Chip [Scout] 0b10 Decoder Chip [Skirmisher] Storm Laser Self-destruct Interrupter [Rating: 24] Favorites ----------- Power Light Ion Engine Engine Light Ion Engine Propulsion Improved Treads Treads Improved Treads Utility Light Armor Plating Device Mobile Refinery Mk. CCLXVII Storage Large Storage Unit Processor Improved Targeting Computer Protection Light Armor Plating Weapon Improved Light Cannon Energy Gun Small Laser Ballistic Gun High-powered Shotgun Ballistic Cannon Improved Light Cannon Launcher Grenade Launcher Special Weapon Welding Torch Special Melee Weapon Datajack Build | -11 -10 -9 -9 -7 -6 ------- Run | Yrd Mat Mat Min Zio Pro Slots Evolved 2 | . . 2 . . . Power . | . . . . . . Propulsion . | . . . . . . Utility 2 | . . 2 . . . Weapon . | . . . . . . Parts Attached 34 | 7 15 4 . 5 3 Power 2 | 1 1 . . . . Engine 2 | 1 1 . . . . Core . | . . . . . . Reactor . | . . . . . . Propulsion 7 | 2 3 . . . 2 Treads 7 | 2 3 . . . 2 Leg . | . . . . . . Wheel . | . . . . . . Hover . | . . . . . . Flight . | . . . . . . Utility 9 | 2 4 2 . 1 . Device 3 | 2 . . . 1 . Storage 2 | . 2 . . . . Processor 1 | . . 1 . . . Hackware . | . . . . . . Protection 3 | . 2 1 . . . Artifact . | . . . . . . Weapon 16 | 2 7 2 . 4 1 Energy Gun 4 | 2 1 . . . 1 Energy Cannon . | . . . . . . Ballistic Gun 1 | . . . . 1 . Ballistic Cannon 3 | . . 2 . 1 . Launcher 4 | . 2 . . 2 . Special Weapon 2 | . 2 . . . . Impact Weapon . | . . . . . . Slashing Weapon . | . . . . . . Piercing Weapon . | . . . . . . Special Melee Weapon 2 | . 2 . . . . Unidentified Prototypes 2 | . . . . 2 . Parts Lost 17 | . 5 . . . 12 Power 1 | . . . . . 1 Propulsion 6 | . . . . . 6 Utility 6 | . 3 . . . 3 Weapon 4 | . 2 . . . 2 Highest Loss Streak 11 | . 3 . . . 11 To Critical Strikes . | . . . . . . Average Backups 8 | . 3 13 15 12 10 Power . | . . 1 1 1 1 Propulsion 2 | . . 4 4 4 3 Utility 4 | . 1 3 6 6 5 Weapon 1 | . . 2 3 1 1 Tool/Special . | . . . . . . Unused Backups 16 | . 2 3 . 4 7 Power 1 | . . . . . 1 Propulsion 1 | . . 1 . . . Utility 9 | . . . . 4 5 Weapon 1 | . . . . . 1 Tool/Special 4 | . 2 2 . . . Average Slot Usage (%) 95 | . 91 93 100 99 83 Engine 11 | . 14 11 11 11 8 Treads 24 | . 28 22 22 22 19 Device 8 | . 13 . . 6 8 Storage 9 | . 5 11 11 11 11 Processor 2 | . . 4 11 4 . Protection 14 | . 2 22 22 22 16 Energy Gun 6 | . 17 . . . . Ballistic Gun 4 | . . . . 9 8 Ballistic Cannon 7 | . . 20 22 9 8 Launcher 3 | . 5 . . 2 . Special Weapon 1 | . 2 1 . . . Peak Build Rating 24 | 9 10 16 16 24 24 Average Rating 14 | 6 7 14 16 21 20 On Entrance 12 | . 9 10 16 16 24 Naked Turns . | . . . . . . Heaviest Build 43 | 8 32 37 37 43 41 Greatest Support 46 | 40 46 46 46 46 46 Greatest Overweight (x) 9 | . . . . . 9 Average Overweight (x) . | . . . . . . Largest Inventory Capacity 15 | 5 15 15 15 15 15 Average Capacity 12 | 5 9 15 15 15 15 Most Carried 15 | 1 14 15 15 15 15 Average Carried 9 | . 3 13 15 14 14 Final Capacity 15 | 5 15 15 15 15 15 Final Carried 15 | 1 14 15 15 15 11 Class Distribution -------------------- 100% | Mutant Dominant Class ---------------- Mutant | -10/Materials Mutant | -9/Materials Mutant | -9/Mines Mutant | -7/Zion Mutant | -6/Proximity Caves Resources | -11 -10 -9 -9 -7 -6 ----------- Run | Yrd Mat Mat Min Zio Pro Matter Collected 671 | 260 183 119 . 84 25 Remotely . | . . . . . . Salvage Created 557 | 196 361 . . . . Parts 43 | 20 23 . . . . Haulers Intercepted . | . . . . . . Recyclers Shooed 4 | 1 3 . . . . Parts Field Recycled . | . . . . . . Retrieved Matter . | . . . . . . Parts Self-Destructed 3 | . . . . . 3 Prevented . | . . . . . . Kills | -11 -10 -9 -9 -7 -6 ------- Run | Yrd Mat Mat Min Zio Pro Combat Hostiles Destroyed 9 | . 9 . . . . Guns 8 | . 8 . . . . Cannons 1 | . 1 . . . . Classes Destroyed 7 | 3 4 . . . . Worker 3 | 1 2 . . . . Builder 1 | . 1 . . . . Tunneler 4 | 4 . . . . . Recycler 2 | 1 1 . . . . Watcher 1 | . 1 . . . . Swarmer 3 | . 3 . . . . Grunt 6 | . 6 . . . . Best Kill Streak 3 | 3 3 . . . . Combat Bots Only 3 | . 3 . . . . Max Kills in Single Turn 1 | 1 1 . . . . Gunslinging . | . . . . . . Exploded . | . . . . . . Melee . | . . . . . . Uniques/NPCs Destroyed . | . . . . . . Combat | -11 -10 -9 -9 -7 -6 -------- Run | Yrd Mat Mat Min Zio Pro Hostile Shots Fired 208 | . 78 . . 4 126 Missed 47 | . 12 . . 1 34 Hits 161 | . 66 . . 3 92 Melee 2 | . . . . . 2 Projectile 159 | . 66 . . 3 90 Critical Strikes 9 | . 2 . . . 7 Damage Taken 2693 | . 787 . . 104 1802 Core 619 | . 219 . . 20 380 Absorbed by Shields . | . . . . . . Core Remaining (%) 56 | 100 12 . . . . Volleys Fired 90 | 18 69 . . 1 2 Largest 2 | 2 2 . . 1 2 Hottest 90 | 90 90 . . 33 75 Shots Fired 136 | 36 96 . . 1 3 Gun 113 | 36 75 . . . 2 Cannon 2 | . . . . 1 1 Launcher 9 | . 9 . . . . Special 12 | . 12 . . . . Kinetic 3 | . . . . 1 2 Thermal 124 | 36 87 . . . 1 Explosive 9 | . 9 . . . . Electromagnetic . | . . . . . . Robot Hit Streak 10 | 4 10 . . . 1 Robot Miss Streak 4 | 2 4 . . 1 4 Penetration Max . | . . . . . . Secondary Targets . | . . . . . . Shots Hit Robots 78 | 21 56 . . . 1 Core Hits 35 | 7 28 . . . . Critical Kills . | . . . . . . Critical Parts Destroyed . | . . . . . . Critical Strikes 1 | . 1 . . . . Burn 1 | . 1 . . . . Melee Attacks 5 | . 5 . . . . Impact . | . . . . . . Slashing . | . . . . . . Piercing . | . . . . . . Sneak Attacks . | . . . . . . Combat Hostiles . | . . . . . . Follow-up Attacks . | . . . . . . Damage Inflicted 1110 | 251 820 . . . 39 Guns 817 | 251 527 . . . 39 Cannons . | . . . . . . Explosions 263 | . 263 . . . . Melee . | . . . . . . Ramming 9 | . 9 . . . . Kinetic 16 | . . . . . 16 Thermal 822 | 251 548 . . . 23 Explosive 263 | . 263 . . . . Electromagnetic . | . . . . . . Impact . | . . . . . . Slashing . | . . . . . . Piercing . | . . . . . . Highest Corruption 1 | . . . . . 1 Average Corruption 1 | . . . . . 1 Corruption Purged . | . . . . . . Corruption Blocked . | . . . . . . Effects 1 | . . . . . 1 Matter Fused 1 | . . . . . 1 Overload Shots . | . . . . . . Overflow Damage 12 | . 12 . . . . Projectiles . | . . . . . . Explosions 12 | . 12 . . . . Melee . | . . . . . . Knockbacks . | . . . . . . Impact . | . . . . . . Kinetic . | . . . . . . Secondary . | . . . . . . Self-Inflicted Damage . | . . . . . . Shots . | . . . . . . Rammed 5 | . 5 . . . . Targets Rammed 5 | . 5 . . . . Kicked . | . . . . . . Crushed . | . . . . . . Highest Temperature 360 | 150 360 . . . 18 Average Temperature 93 | 58 113 . . . 9 Received Heat Transfer 1145 | . 384 . . . 761 Siege Activations . | . . . . . . Martial Activations . | . . . . . . Shielding Activations . | . . . . . . Robots Disrupted . | . . . . . . Combat Hostiles . | . . . . . . Robots Corrupted . | . . . . . . Combat Hostiles . | . . . . . . Parts Fried . | . . . . . . Impact Corruptions . | . . . . . . Robots Melted . | . . . . . . Combat Hostiles . | . . . . . . Parts Melted 3 | . 3 . . . . Heat Transferred 2228 | 669 1509 . . . 50 Parts Sabotaged . | . . . . . . Parts Stolen . | . . . . . . Parts Stripped . | . . . . . . Power Chain Reactions . | . . . . . . Alert | -11 -10 -9 -9 -7 -6 ------- Run | Yrd Mat Mat Min Zio Pro Maximum Alert Level . | . . . . . . Low Security (%) 100 | 100 100 100 100 . . Level 1 . | . . . . . . Level 2 . | . . . . . . Level 3 . | . . . . . . Level 4 . | . . . . . . Level 5 . | . . . . . . High Security . | . . . . . . Max Security . | . . . . . . Peak Influence 62 | 5 62 14 15 . . Initial 14 | . . 14 . . . Average 9 | 1 13 . . . . Influence Increases 614 | 30 337 . 15 . 232 Destroy 0b10 Robot/C 260 | . 180 . . . 80 Destroy 0b10 Robot/NC 55 | 30 25 . . . . Destroy Leader 52 | . 52 . . . . Allied During Kill 32 | . . . . . 32 Successful Hack 5 | . 5 . . . . Disable Machine 45 | . 45 . . . . Destroy Structure 30 | . 30 . . . . Lose Combat Pursuer 135 | . . . 15 . 120 Influence Decreases 614 | 30 302 35 15 . 232 Entered New Map 21 | . . 21 . . . Time Decay 401 | 30 282 14 15 . 60 Lost Part 112 | . 20 . . . 92 Lost Ally 80 | . . . . . 80 Squads Dispatched 5 | . 3 1 . . 1 Investigation 2 | . 1 1 . . . Extermination . | . . . . . . Reinforcement 2 | . 2 . . . . Assault 1 | . . . . . 1 Garrison . | . . . . . . Intercept . | . . . . . . Searches Triggered . | . . . . . . Construction Impeded . | . . . . . . Haulers Reinforced . | . . . . . . Active Scanning Responses . | . . . . . . Cargo Convoy Interrupts . | . . . . . . Stealth | -11 -10 -9 -9 -7 -6 --------- Run | Yrd Mat Mat Min Zio Pro Distress Signals 4 | . 1 3 . . . Communications Jammed . | . . . . . . Distress Signals . | . . . . . . Times Spotted 47 | . 21 1 3 2 20 Peak Tracking Total 11 | . 4 2 3 1 11 Tactical Retreats 5 | . . . 1 . 4 Traps | -11 -10 -9 -9 -7 -6 ------- Run | Yrd Mat Mat Min Zio Pro Traps Triggered 1 | . 1 . . . . Indirectly . | . . . . . . Trap Hack Attempts . | . . . . . . Triggered . | . . . . . . Disarmed . | . . . . . . Reprogrammed . | . . . . . . Reused . | . . . . . . Traps Extracted . | . . . . . . Installed . | . . . . . . Triggered . | . . . . . . Machines | -11 -10 -9 -9 -7 -6 ---------- Run | Yrd Mat Mat Min Zio Pro Machines Disabled 4 | . 3 . . . 1 Max in Single Turn 1 | . 1 . . . . Machines Repaired . | . . . . . . Machines Dismantled . | . . . . . . Machines Sabotaged . | . . . . . . Overloaded Fab Kills . | . . . . . . Hacking | -11 -10 -9 -9 -7 -6 --------- Run | Yrd Mat Mat Min Zio Pro Machines Accessed 3 | . 2 1 . . . Terminals 3 | . 2 1 . . . Fabricators . | . . . . . . Repair Stations . | . . . . . . Recycling Units . | . . . . . . Scanalyzers . | . . . . . . Garrison Access . | . . . . . . Total Hacks 11 | . 8 3 . . . Successful 5 | . 2 3 . . . Failed 6 | . 6 . . . . Catastrophic 3 | . 3 . . . . Database Lockouts . | . . . . . . Manual 1 | . . . . 1 . Terminals 11 | . 8 3 . . . Fabricators . | . . . . . . Repair Stations . | . . . . . . Recycling Units . | . . . . . . Scanalyzers . | . . . . . . Garrison Access . | . . . . . . Terminal Hacks 5 | . 2 3 . . . Prototype ID Bank 1 | . . 1 . . . Alert Level 1 | . . 1 . . . Transport Status 2 | . 1 1 . . . Hauler Manifests 1 | . 1 . . . . Fabricator Hacks . | . . . . . . Repair Station Hacks . | . . . . . . Recycling Unit Hacks . | . . . . . . Scanalyzer . | . . . . . . Garrison Access Hacks . | . . . . . . Unauthorized Hacks . | . . . . . . Terminals . | . . . . . . Fabricators . | . . . . . . Repair Stations . | . . . . . . Recycling Units . | . . . . . . Scanalyzers . | . . . . . . Garrison Access . | . . . . . . Data Cores Recovered . | . . . . . . Used . | . . . . . . Hacking Detections 3 | . 2 1 . . . Full Trace Events 3 | . 2 1 . . . Feedback Events . | . . . . . . Feedback Blocked . | . . . . . . Robot Schematics Acquired 2 | . . . . 2 . Robots Built . | . . . . . . Authchips . | . . . . . . Time . | . . . . . . Total Robot Build Rating . | . . . . . . Part Schematics Acquired 15 | . . . . 15 . Parts Built . | . . . . . . Authchips . | . . . . . . Time . | . . . . . . Total Part Build Rating . | . . . . . . Parts Repaired . | . . . . . . Time . | . . . . . . Parts Recycled . | . . . . . . Recycled Matter . | . . . . . . Retrieved Matter . | . . . . . . Retrieved Components . | . . . . . . Parts Scanalyzed . | . . . . . . Part Schematics Acquired . | . . . . . . Parts Damaged . | . . . . . . Bothacking | -11 -10 -9 -9 -7 -6 ------------ Run | Yrd Mat Mat Min Zio Pro Used RIF Installer . | . . . . . . Robots Hacked 1 | . 1 . . . . Non-combat . | . . . . . . Combat 1 | . 1 . . . . Robot Hacks Applied 2 | . 2 . . . . parse_system 2 | . 2 . . . . Relay Couplers Released . | . . . . . . Fabnet Peak Effective % . | . . . . . . Robots Rewired . | . . . . . . Allies Hacked . | . . . . . . Hacks Repelled . | . . . . . . Allies | -11 -10 -9 -9 -7 -6 -------- Run | Yrd Mat Mat Min Zio Pro Total Allies 4 | . . . . 4 . Largest Group 4 | . . . . 4 4 Highest-Rated Group 157 | . . . . 157 157 Highest-Rated Ally 40 | . . . . 40 40 Total Orders . | . . . . . . Ally Attacks 25 | . . . . 17 8 Total Damage 478 | . . . . 118 360 Kills 4 | . . . . . 4 Allies Corrupted . | . . . . . . Allies Melted . | . . . . . . Intel | -11 -10 -9 -9 -7 -6 ------- Run | Yrd Mat Mat Min Zio Pro Active Infowar (turns) 1038 | 109 929 . . . . Terrain 1005 | 109 896 . . . . Seismic 937 | 8 929 . . . . Robot Analysis Total . | . . . . . . Derelict Logs Recovered 3 | . . . 2 1 . Drone Launches . | . . . . . . Drone Recoveries . | . . . . . . Exploration | -11 -10 -9 -9 -7 -6 ------------- Run | Yrd Mat Mat Min Zio Pro Turns Passed 5287 | 193 1883 370 381 2078 382 Spaces Moved 2586 | 84 629 215 220 1213 225 Core 7 | 5 . . . . 2 Treads 2579 | 79 629 215 220 1213 223 Legs . | . . . . . . Wheels . | . . . . . . Hover . | . . . . . . Flight . | . . . . . . Fastest Speed 50 | 50 160 160 160 160 160 Average Speed 160 | 153 160 160 160 160 164 Slowest Speed 500 | 160 160 160 160 160 500 Overloaded Moves . | . . . . . . Propulsion Burnouts . | . . . . . . Robots Hopped . | . . . . . . Potential Cave-ins 2 | . 2 . . . . Cave-ins Triggered . | . . . . . . Exploration Rate (%) 50 | 5 80 18 56 89 52 Regions Visited 5 Branch Regions 3 Pre-discovered Areas 3 | . . . . 3 . Known Exits Taken . | . . . . . . Unknown Exits Taken 5 | 1 1 1 1 1 . Scrap Searched 8 | . . . 2 4 2 Spaces Dug . | . . . . . . Terrain Destroyed 37 | . 37 . . . . Melee . | . . . . . . Projectile . | . . . . . . AOE 37 | . 37 . . . . Terrain Rammed . | . . . . . . Walls Destroyed . | . . . . . . Machines Disabled . | . . . . . . Actions | -11 -10 -9 -9 -7 -6 --------- Run | Yrd Mat Mat Min Zio Pro Total 3600 | 109 1403 246 249 1359 234 Wait 799 | . 654 12 30 101 2 Move 2581 | 83 628 214 219 1212 225 Hop . | . . . . . . Pick Up 32 | 1 11 7 . 13 . Fast Attach 24 | 7 7 3 . 6 1 Attach 14 | . 7 1 . 2 4 Detach 14 | . 9 2 . 3 . Swap 4 | . 4 . . . . Drop 32 | . 4 7 . 21 . Fire 90 | 18 69 . . 1 2 Melee 5 | . 5 . . . . Ram . | . . . . . . Kick . | . . . . . . Crush 5 | . 5 . . . . Escape Stasis . | . . . . . . Rewire . | . . . . . . Trap . | . . . . . . Miscellaneous . | . . . . . . Route ------- -11/Scrapyard -10/Materials (discovered 4 exits: *Mat x2 / [*Min] / [*Sub]) -9/Materials -9/Mines (discovered 2 exits: [*Mat] / *Zio) -7/Zion (discovered 2 exits: Dee / [*Pro]) -6/Proximity Caves History --------- Turn | Location | Event 7 | -11/Scrapyard | Discovered new exit (range 13) 194 | -11/Scrapyard | Entered Materials 302 | -10/Materials | Build established: Mutant 676 | -10/Materials | Discovered new exit (range 7) 825 | -10/Materials | Discovered new exit (range 16) 1152 | -10/Materials | Core integrity fell below 50% 1154 | -10/Materials | Lost 3 parts (2u1w) 1301 | -10/Materials | Discovered new exit (range 12) 1751 | -10/Materials | Discovered new exit (range 5) 1941 | -10/Materials | Core integrity fell below 20% 2077 | -10/Materials | Entered another Materials area 2077 | -9/Materials | Evolved 2 slots: Utility x2 2205 | -9/Materials | Met 8R-AWN 2316 | -9/Materials | Discovered new exit (range 15) 2447 | -9/Materials | Entered Mines 2448 | -9/Mines | Followed 8R-AWN into the Mines 2579 | -9/Mines | Received a Rocket Launcher from a helpful Derelict 2626 | -9/Mines | Learned location of 1 exit from Materials 2812 | -9/Mines | Discovered new exit (range 11) 2826 | -9/Mines | A Derelict revealed a hidden shortcut to a safe place 2828 | -9/Mines | Entered Zion 3087 | -7/Zion | Discovered new exit (range 16) 3207 | -7/Zion | Learned location of Quarantine (-2) 3218 | -7/Zion | Learned location of Warlord (-5) 3295 | -7/Zion | Learned Factory emergency access door positions 3414 | -7/Zion | Learned location of Data Miner (-6) 3596 | -7/Zion | Found Prototype Device 3596 | -7/Zion | Identified Mobile Refinery Mk. CCLXVII 3837 | -7/Zion | Identified exit to Deep Caves 4013 | -7/Zion | Found Prototype Energy Gun 4308 | -7/Zion | Met Imprinter 4387 | -7/Zion | Imprinted 4390 | -7/Zion | Declared Zion's savior 4906 | -7/Zion | Entered Proximity Caves 4906 | -6/Proximity Caves | Accompanied by 4 allies 5153 | -6/Proximity Caves | Lost 4 allies 5155 | -6/Proximity Caves | Attracted the attention of an 0b10 outpost 5210 | -6/Proximity Caves | Core integrity fell below 50% 5261 | -6/Proximity Caves | Lost 11 parts (1p5n3u2w) 5263 | -6/Proximity Caves | Core integrity fell below 20% 5288 | -6/Proximity Caves | Destroyed by S-27 Virus with Autogun Last Messages --------------- 05211_ M-28 Smith repairs B-48 Gladiator. 05214_ Lgt. Treads destroyed. 05215_ Critical hit (Burn: +37). 05222_ Slug penetrates G-50 Soldier. 05223_ Imp. Treads destroyed. 05227_ Critical hit (Burn: +50). 05230_ Imp. Treads destroyed. 05246_ Critical hit (Burn: +37). 05262_ Critical hit (Burn: +50). 05264_ Penetrated by Slug. 05272_ Searching scrap... 05272_ Found Plasma Rifle. 05272_ Found Plasma Flamer. 05272_ Found Insulated Plating. 05272_ Found Plasma Rifle. 05272_ Found 67 Matter. 05273_ Acquired 25 matter. 05275_ Acquired Plasma Rifle. 05280_ System corrupted: Matter fused (-7). 05283_ Lgt. Treads destroyed. Map ----- +----------------------------------------------------+ | ?????????????????????????????????????????????????? | | ?????????????????????????????????????????????????? | | ?????????????????????????????????????????????????? | | ?????????????????????????????????????????????????? | | ?????????????????????????????????????????????????? | | ?????????????????????????????????????????????????? | | ?????????????????????????????????????????????????? | | ?????????????????????????????????????????????????? | | ?????????????????????????????????????????????????? | | ?????????????????????????????????????????????????? | | ???????????????????????# ????????????????????????? | | ??????????????????????? ????????????????????????? | | ??????????????????????? ????????????????????????? | | ??????????????????????? ????????????????????????? | | ???????????????????????# ????????????????????????? | | ???????????????????????# ????????????????????????? | | ???????????????????????# ????????????????????????? | | ??????????????????????? ###????????????????? ???? | | ???????????????????????# ????????????????? ??? | | ???????????????????????# ?????????????????? ??? | | ???????????????????????# ?????????????????? #?? | | ??????????????###??????# !?????????????????? ## | | ????????????### ???## !%????##????????? # | | ????????????# ### #???# #??????? """ # | | ???????????# s ##?# #??????? """"" # | | ??????????????# ss @ ## ##?????? """"" | | ??????????????# #### #??????# " " | | ???????????????????????## #####??#""" """ # | | ????????????????????????###g ### ####""" """ # | | ??????????????????????????#bb#### #""" """ # | | ????????????????????????###%g### | | ??????????????# # [|!## | | ??????????????# ## # | | ??????????????????#### ## ## ## | | ?????????????????????# ## ###? | | ?????????????????????## ## ##??? | | ??????????????????????# ##?##### #???? | | ??????????????????????##???????# ##### #???# | | ???????????????????????????????# #???## ???# | | ??????????????????????????????? ????## #??# | | ??????????????????????????????? ????## #??# | | ?????????????????????????????? ???# ##??# | | ?????????????????????????????## ##??# ###??## | | ??????????????????????????????## #???# #????# | | ????????????????????????????????# #??## #????# | | ????????????????????????????? ??? ##??# ####?# | | ??????????????????????????? ??? #???# #?# | | ???????????????????????? ??# # ??? ?## | | ?????????????????????? ## ???# #??# | | ???????????????????? ???## #??? | +----------------------------------------------------+ Best States ------------- Heat Dissipation 28 Energy Generation 10 Energy Capacity 125 Matter Stores 300 Matter Capacity 300 Sight Range 16 Terrain Scan Range 16 Terrain Scan Density 10 Armor Coverage 300 Evasion (%) 40 Targeting Accuracy 6 Recoil Reduction 2 Item Schematics ----------------- Imp. System Restoration Module | -7/Zion | Archive Imp. EM Pulse Cannon | -7/Zion | Archive IFF Parser | -7/Zion | Archive EM Disruption Field | -7/Zion | Archive Angular Momentum Engine | -7/Zion | Archive Adv. ECM Suite | -7/Zion | Archive Hrd. Heavy Armor Plating | -7/Zion | Archive Adv. Shield Generator | -7/Zion | Archive Hvy. Flak Cannon | -7/Zion | Archive Spear | -7/Zion | Archive Imp. Shock Absorption System | -7/Zion | Archive Microactuators | -7/Zion | Archive Power Amplifier | -7/Zion | Archive Flak Gun | -7/Zion | Archive Phase Cannon | -7/Zion | Archive Robot Schematics ------------------ L-41 Fighter | -7/Zion | Archive B-48 Gladiator | -7/Zion | Archive Fabricated ------------ Nothing Repaired ---------- Nothing Alien Tech Used ----------------- None Achievements -------------- None Challenges ------------ None Game ------ Seed AngularRapidSuite Manual? 0 Play Time 00:38:20 Cumulative 15.0 hours Start 2025.10.19 @ 18:07:26 End 2025.10.19 @ 18:43:51 Sessions 1 Manual Loads 0 Difficulty Rogue Special Mode None Game No. 31 Rogue 31 Adventurer 0 Explorer 0 Win Type - Total 0 Types 0/0/0/0/0/0/0/0/0/0 Lore% 5 Gallery% 20 Achievement% 19 Wizard Run 0 Options --------- Layout 0 ASCII 0 Keyboard 1 Movement Numpad Keybinds 0 Fullscreen 2 Font 20/Terminus Map View 96x60 Zoom Use 0% Tactical HUD 1 Map Filters NONE Filters NONE Steam 1 RUN: bc18e5fe-c619-4074-a0fc-76b303ff2468